 Dungeon Crawl Stone Soup version 0.28-a0-1510-gd0f6b136d3 (webtiles) character file.

Game seed: 3931464117309981841

2124 Demosthentine the Skirmisher (level 9, 0/48 HPs)
             Began as a Vine Stalker Chaos Knight on Jan 15, 2022.
             Was a Plaything of Xom.
             Slain by a vault guard (8 damage)
             ... in a bailey.
             The game lasted 00:05:14 (5767 turns).

Demosthentine the Skirmisher (VSCK)                 Turns: 5767, Time: 00:05:14

Health: 0/48       AC: 13    Str: 25    XL:     9   Next: 29%
Magic:  0/9        EV: 14    Int: 12    God:    Xom [*.....]
Gold:   358        SH:  0    Dex: 18    Spells: 8/8 levels left

rFire   + . .      SeeInvis .   a - +0 hand axe (flame)
rCold   . . .      Faith    .   (no shield)
rNeg    . . .      Spirit   +   b - +3 leather armour
rPois   .          Reflect  .   (no helmet)
rElec   .          Harm     .   i - +2 cloak
rCorr   .          Rampage  .   (no gloves)
Will    +....                   (no boots)
Stlth   +.........              d - amulet of the acrobat
HPRegen 0.96/turn               j - +4 ring of protection
MPRegen 0.11/turn               q - +6 ring of strength

@: mighty
A: fangs 3, regeneration 1, magic shield, antimagic bite, no potion heal 2,
agile 1, fire resistance 1, low mp 1, sense surroundings 1, strong 1
a: Renounce Religion


You were in a bailey.
You worshipped Xom.
You were a special plaything of Xom.
You visited 1 branch of the dungeon, and saw 7 of its levels.
You also visited: Bailey.

You collected 358 gold pieces.

Inventory:

Hand Weapons
 a - a +0 hand axe of flaming (weapon)
 e - a +0 war axe
Armour
 b - a +3 leather armour (worn)
 i - a +2 cloak (worn)
Jewellery
 d - an amulet of the acrobat (around neck)
 j - a +4 ring of protection (left hand)
 n - a ring of willpower
 q - a +6 ring of strength (right hand)
Wands
 p - a wand of acid (8)
Scrolls
 o - a scroll of teleportation
Potions
 c - a potion of brilliance
 f - 3 potions of curing
 k - a potion of haste {unknown}
 m - a potion of cancellation {unknown}
 s - a potion of resistance {unknown}


   Skills:
 + Level 6.1 Fighting
 + Level 6.1 Axes
 + Level 5.2 Armour
 + Level 4.9 Dodging


You had 8 spell levels left.
You didn't know any spells.
Your spell library contained the following spells:

 Spells                   Type           Power      Damage    Failure   Level
 Gell's Gravitas          Tloc           0%         N/A       73%         3
 Lesser Beckoning         Tloc           0%         N/A       73%         3
 Teleport Other           Tloc           0%         N/A       73%         3


Dungeon Overview and Level Annotations

Branches:
Dungeon (7/15)             Bailey (1/1)
 Temple: D:4-7

Altars:
Fedhas
Hepliaklqana
Makhleb
Okawaru
Wu Jian
Xom

Annotations:
D:3 2 transporters, sirJeffrey23's ghost, amateur HuGl Bailey Prince Ribbit


Innate Abilities, Weirdness & Mutations

You have razor-sharp teeth.
Your natural rate of healing is unusually fast.
When hurt, damage is shared between your health and your magic reserves.
Your bite disrupts and absorbs the magic of your enemies.
Potions cannot restore your health.
You are agile. (Dex +2)
Your flesh is heat resistant. (rF+)
Your magical capacity is low. (-10% MP)
You passively map a small area around you.
Your muscles are strong. (Str +2)


Message History

Prince Ribbit hits you!
The vault guard hits you but does no damage.
Prince Ribbit falters for a moment.
You slash the vault guard! You burn the vault guard.
Your bite misses the vault guard.
The vault guard is moderately wounded.
You closely miss Prince Ribbit. Prince Ribbit misses you.
The vault guard closely misses you.
Unknown command.
You barely miss the vault guard. You bite the vault guard! You drain its power.
You feel invigorated.
The vault guard is moderately wounded.
You miss Prince Ribbit. Prince Ribbit barely misses you.
The vault guard hits you with a +0 broad axe!
Prince Ribbit hits you!
* * * LOW HITPOINT WARNING * * *
You hit the vault guard. You burn the vault guard.
The vault guard is heavily wounded.
You completely miss Prince Ribbit. Prince Ribbit hits you.
* * * LOW HITPOINT WARNING * * *
The vault guard closely misses you.
Unknown command.
Okay, then.
You slash the vault guard! You burn the vault guard. You bite the vault guard!
You drain its power.
You feel invigorated.
The vault guard is severely wounded.
You miss Prince Ribbit. Prince Ribbit misses you.
The vault guard hits you with a +0 broad axe!
* * * LOW HITPOINT WARNING * * *
Unknown command.
You closely miss the vault guard. Your bite misses the vault guard.
The vault guard is severely wounded.
You slash Prince Ribbit! You burn Prince Ribbit.
Prince Ribbit blinks!
The vault guard misses you.
Prince Ribbit falters for a moment.
Unknown command.
You hit the vault guard but do no damage.
The vault guard is severely wounded.
The vault guard hits you with a +0 broad axe!
You die...
Xom chuckles heartily!

* ≈ ,#≈.≈## #≈.≈≈## ,
##≈.≈≈≈# #########
###≈≈..≈#*####
##....#≈≈####≈≈≈...# ....?*
##.....#≈≈≈≈≈≈≈≈....#.....!
#...#..'†.≈≈≈≈≈..≈..'..∩...
#...#..#†...........#.....!
#..##..#≈≈≈≈...@p...# ....!
#...#######≈≈..≈≈..≈≈# ####
###.......##≈≈≈F≈≈≈≈≈≈≈#
..##).....#≈≈≈≈≈≈≈≈≈≈≈##
∩..')...#+##≈≈≈≈≈≈≈≈≈##
...###### ,###≈≈≈≈≈###
∩..'≈≈≈# ####### ..##†≈≈≈#
###≈≈≈≈≈+,


You could see a vault guard and Prince Ribbit (magic disrupted).

Vanquished Creatures
  2 humans (Bailey)
  A water moccasin (D:4)
  An ice beast (D:6)
  A sky beast (D:6)
  A black bear (D:6)
  An ogre (D:5)
  2 necrophages (D:6)
  A centaur (D:6)
  7 bullfrogs
  A howler monkey (D:5)
  3 jellies
  3 hounds
  2 bullfrog skeletons
  An iguana (D:5)
  An orc wizard (D:6)
  A killer bee zombie (D:6)
  2 hound zombies (D:5)
  A howler monkey zombie (D:5)
  7 adders
  3 gnolls (D:5)
  2 shadow imps (D:6)
  A white imp (D:6)
  An ufetubus (D:7)
  An adder skeleton (D:4)
  2 worms (D:4)
  5 dart slugs
  7 orcs
  6 ball pythons
  3 endoplasms
  5 giant cockroaches
  7 hobgoblins
  3 quokkas
  5 bats
  2 frilled lizards (D:2)
  9 goblins
  14 kobolds
  5 rats
120 creatures vanquished.

Vanquished Creatures (collateral kills)
  A bullfrog (Bailey)
  A bat (D:2)
  A kobold (D:2)
3 creatures vanquished.

Grand Total: 123 creatures vanquished

Notes
Turn   | Place    | Note
-------+----------+-------------------------------------------
     0 | D:1      | Demosthentine the Vine Stalker Chaos Knight began the quest
                  | for the Orb.
     0 | D:1      | Reached XP level 1. HP: 11/11 MP: 2/2
   106 | D:1      | XOM: silly message
   151 | D:1      | XOM: give mutation
   151 | D:1      | Gained mutation: Your magical capacity is low. (-10% MP)
                  | [Xom's mischief]
   216 | D:1      | Reached skill level 1 in Dodging
   303 | D:1      | XOM: torment (7/11 hp)
   315 | D:1      | XOM: god gift: amulet of the acrobat
   459 | D:1      | Reached XP level 2. HP: 16/16 MP: 2/2
   646 | D:1      | XOM: give mutations
   646 | D:1      | Gained mutation: Your flesh is heat resistant. (rF+) [Xom's
                  | grace]
   646 | D:1      | Gained mutation: You passively map a small area around you.
                  | [Xom's grace]
   646 | D:1      | Gained mutation: Your muscles are strong. (Str +2) [Xom's
                  | grace]
   790 | D:1      | XOM: 8-stop teleportation journey
  1150 | D:2      | XOM: scenery: create altars
  1158 | D:2      | Reached XP level 3. HP: 13/20 MP: 3/3
  1437 | D:2      | XOM: god gift: 48 gold pieces
  1473 | D:2      | Gained mutation: Your natural rate of healing is unusually
                  | fast. [Vine Stalker growth]
  1473 | D:2      | Reached XP level 4. HP: 24/24 MP: 4/4
  1970 | D:3      | Found a transporter.
  2260 | D:3      | Noticed sirJeffrey23's ghost (amateur HuGl)
  2261 | D:3      | Found a transporter.
  2334 | D:3      | Found a faded altar of an unknown god.
  2811 | D:4      | Reached XP level 5. HP: 28/28 MP: 5/5
  2858 | D:4      | Noticed a water moccasin
  2866 | D:4      | Killed a water moccasin
  2867 | D:4      | Reached XP level 6. HP: 33/33 MP: 6/6
  3049 | D:4      | Found a blossoming altar of Fedhas.
  3159 | D:4      | Found an iron altar of Okawaru.
  3500 | D:5      | Entered Level 5 of the Dungeon
  3536 | D:5      | Found a burning altar of Makhleb.
  3642 | D:5      | XOM: scenery: 1 doors open
  3784 | D:5      | Reached XP level 7. HP: 37/37 MP: 7/7
  3813 | D:5      | Found an ornate altar of the Wu Jian Council.
  3865 | D:5      | XOM: scenery: create altars
  4004 | D:5      | XOM: polymorph gnoll shaman -> iguana
  4088 | D:5      | XOM: give mutation
  4088 | D:5      | Gained mutation: You are agile. (Dex +2) [Xom's grace]
  4734 | D:6      | Noticed a seven-headed hydra
  4926 | D:6      | Gained mutation: You have razor-sharp teeth. [Vine Stalker
                  | growth]
  4926 | D:6      | Reached XP level 8. HP: 42/42 MP: 8/8
  5097 | D:6      | Reached skill level 5 in Fighting
  5097 | D:6      | Reached skill level 5 in Axes
  5450 | D:6      | Found a hazy altar of Hepliaklqana.
  5474 | D:6      | XOM: god gift: 22 gold pieces
  5548 | D:6      | XOM: god gift: 25 gold pieces
  5583 | D:7      | Found a flagged portal.
  5606 | Bailey   | Entered a bailey
  5610 | Bailey   | XOM: summons 3 friendly demons
  5647 | Bailey   | XOM: summons 4 friendly demons
  5655 | Bailey   | XOM: fog
  5660 | Bailey   | Reached XP level 9. HP: 20/48 MP: 6/9
  5660 | Bailey   | XOM: summons 4 friendly demons
  5668 | Bailey   | Reached skill level 5 in Armour
  5750 | Bailey   | Noticed Prince Ribbit
  5750 | Bailey   | Noticed a vault guard
  5752 | Bailey   | XOM: summons friendly white imp
  5767 | Bailey   | Slain by a vault guard

Illustrated notes

Levels and vault maps discovered:
D:1:      psy_arrival_wood_between_worlds, layout_basic
D:2:      layout_basic, bh_walls_and_bars
D:3:      layout_basic, chequers_ecumenical_altar_simple_redux,
          gammafunk_ghost_mausoleum
D:4:      layout_gridville, mainiacjoe_overflow_cross_hatched,
          fedhas_ov_isle_minmay, grunt_ministairs_13
D:5:      layout_basic, mainiacjoe_overflow_surrounded_room,
          nzn_wu_jian_council_hall
D:6:      minmay_angry_zag, layout_loops_cross,
          nicolae_hepliaklqana_hippocampus, patterned_corridor
D:7:      minmay_clustersquares, layout_basic, temple_pool_b, enter_bailey_5
Bailey:   bailey_axe_froggy_fort_hellmonk, bailey

Skill      XL: |  1  2  3  4  5  6  7  8  9 |
---------------+----------------------------+-----
Dodging        | 1 2 3 4 |  4.9
Fighting       | 3 4 5 6 |  6.1
Axes           | 3 4 5 6 |  6.1
Armour         | 2 3 4 5 |  5.2

Action                   |  1- 3 |  4- 6 |  7- 9 || total
-------------------------+-------+-------+-------++-------
Melee: Hand axe          |    69 |   136 |   195 ||   400
       Bite              |    13 |    26 |    73 ||   112
       Punch             |     1 |     1 |     1 ||     3
  Use: Scroll            |     1 |     6 |     6 ||    13
       Potion            |       |     2 |     2 ||     4
 Stab: Distracted        |     1 |       |     1 ||     2
       Sleeping          |       |     1 |     2 ||     3
       Confused          |       |       |     1 ||     1
Armor: Leather armour    |    25 |    44 |    69 ||   138
Dodge: Dodged            |    65 |    93 |   142 ||   300

Table legend: (Time is in decaauts)
 A = Elapsed time spent in this place.
 B = Non-inter-level travel time spent in this place.
 C = Inter-level travel time spent in this place.
 D = Time resting spent in this place.
 E = Time spent auto-exploring this place.
 F = Levels seen in this place.
 G = Mean time per level.
                   A        B        C        D        E       F      G
               +--------+--------+--------+--------+--------+-----+--------+
         Total |   5813 |   5435 |    378 |     48 |   4496 |   8 |  726.6 |
       Dungeon |   5642 |   5264 |    378 |      0 |   4457 |   7 |  806.0 |
        Bailey |    171 |    171 |      0 |     48 |     39 |   1 |  171.0 |
               +--------+--------+--------+--------+--------+-----+--------+

Top non-repeatable levels by time:
     D:1: 1140 daAuts
     D:5: 987 daAuts
     D:6: 918 daAuts
     D:3: 885 daAuts
     D:2: 834 daAuts
     D:4: 832 daAuts
  Bailey: 171 daAuts
     D:7: 43 daAuts
